 Dungeon Crawl Stone Soup version 0.30-a0-1006-g5d778dfbfc (webtiles) character file.

Game seed: 10543392535863023837

31801 tilp the Covert (level 13, -3/103 HPs)
             Began as a Vampire Enchanter on Apr 5, 2023.
             Was an Elder of Wu Jian.
             Slain by an elephant (13 damage)
             ... on level 4 of the Lair of Beasts.
             The game lasted 00:32:22 (17478 turns).

tilp the Covert (Vampire Enchanter)                Turns: 17478, Time: 00:32:23

Health: -3/103     AC: 12    Str:  7    XL:     13   Next: 27%
Magic:  9/22       EV: 15    Int: 23    God:    Wu Jian [****..]
Gold:   2125       SH:  0    Dex: 14    Spells: 9/24 levels left

rFire   + + .      SeeInvis +    V - +3 Maxwell's thermic engine {flame, freeze, rev}
rCold   + . .      Faith    .    (no shield)
rNeg    . . .      Spirit   .    T - +2 robe {rC+ rF+}
rPois   .          Reflect  .    r - +2 helmet
rElec   +          Rampage  .    (no cloak)
rCorr   .                        n - +1 pair of gloves
Will    +++..                    i - +2 pair of boots of Ysomaomp {rElec Will+}
Stlth   +++++                    (no amulet)
HPRegen 0.57/turn                s - ring of protection from fire
MPRegen 0.18/turn                S - ring of willpower

@: mighty, healing quickly
A: alive, fangs 3, see invisible, vampiric 2
a: Exsanguinate, Renounce Religion, Wall Jump, Serpent's Lash


You were on level 4 of the Lair of Beasts.
You worshipped Wu Jian.
Wu Jian was greatly pleased with you.
You visited 3 branches of the dungeon, and saw 16 of its levels.
You also visited: Ice Cave.

You collected 2125 gold pieces.

Inventory:

Hand Weapons
 a - a +1 dagger of freezing
 b - a +2 rapier of electrocution
 R - a +3 scimitar of freezing
 V - the +3 Maxwell's thermic engine (weapon) {flame, freeze, rev}
   (You found it in an ice cave)
Missiles
 o - 5 javelins
 y - 2 boomerangs
 E - a throwing net
 F - 7 curare-tipped darts
 J - 19 poisoned darts (quivered)
 Q - 5 silver javelins
Armour
 i - the +2 pair of boots of Ysomaomp (worn) {rElec Will+}
   (You found it on level 3 of the Lair of Beasts)

   rElec:     It insulates you from electricity.
   Will:      It increases your willpower.
 n - a +1 pair of gloves (worn)
 r - a +2 helmet (worn)
 t - +0 steam dragon scales
 P - a +0 robe of willpower
 T - a +2 robe of resistance (worn)
Magical Staves
 X - a staff of conjuration
Jewellery
 s - a ring of protection from fire (left hand)
 u - a ring of fire
 v - a ring of positive energy
 x - a ring of wizardry
 I - a ring of resist corrosion
 N - a ring of ice
 S - a ring of willpower (right hand)
Wands
 h - a wand of polymorph (9)
 p - a wand of quicksilver (2)
 w - a wand of flame (61)
 D - a wand of mindburst (5)
 L - a wand of roots (19)
Scrolls
 c - 3 scrolls of fog
 f - 2 scrolls of silence
 m - 6 scrolls of teleportation
 z - a scroll of fear
 A - 3 scrolls of amnesia
 G - a scroll of immolation
 U - 2 scrolls of identify
Potions
 d - 4 potions of haste
 e - 2 potions of brilliance
 g - a potion of magic
 j - 3 potions of flight
 k - 11 potions of attraction
 l - 3 potions of lignification
 B - 5 potions of curing
 H - 3 potions of might
 K - a potion of mutation
 Y - a potion of invisibility


   Skills:
 * Level 9.8 Fighting
 + Level 10.3 Short Blades
 - Level 4.0 Throwing
 - Level 4.0 Armour
 + Level 7.7 Dodging
 + Level 13.5 Stealth
 + Level 6.4 Spellcasting
 - Level 2.0 Conjurations
 + Level 11.6 Hexes
 * Level 6.9 Evocations


You had 9 spell levels left.
You knew the following spells:

 Your Spells              Type           Power      Damage    Failure   Level
a - Ensorcelled Hibernat  Hex/Ice        68%        N/A       1%          2
b - Confusing Touch       Hex            57%        N/A       1%          3
c - Tukima's Dance        Hex            57%        N/A       1%          3
d - Dazzling Flash        Conj/Hex       76%        N/A       1%          3
e - Anguish               Hex/Necr       17%        N/A       8%          4

Your spell library contained the following spells:

 Spells                   Type           Power      Damage    Failure   Level
 Slow                     Hex            100%       N/A       1%          1
 Summon Guardian Golem    Hex/Summ       34%        N/A       2%          3
 Beastly Appendage        Tmut           14%        N/A       9%          1
 Passwall                 Tmut/Erth      5%         N/A       12%         2
 Wereblood                Tmut           7%         N/A       12%         2
 Spider Form              Tmut/Pois      7%         N/A       24%         3
 Swiftness                Air            7%         N/A       24%         3
 Vampiric Draining        Necr           7%         2d6       24%         3
 Orb of Destruction       Conj           8%         9d6       100%        7
 Spellforged Servitor     Conj/Summ      6%         N/A       100%        7


Dungeon Overview and Level Annotations

Branches:
Dungeon (11/15)            Temple (1/1) D:7            Lair (4/5) D:9
 Shoals (0/4) Lair:3       Spider (0/4) Lair:3          Orc (0/2) D:9
  IceCv (visited)
  Slime: Lair:4-5

Altars:
Ashenzari
Cheibriados
Dithmenos
Fedhas
Gozag
Hepliaklqana
Kikubaaqudgha
Makhleb
Nemelex Xobeh
Okawaru
Qazlal
Ru
Sif Muna
Trog
Uskayaw
Vehumet
Wu Jian
Xom
Yredelemnul

Shops:
D:5 *   D:10 (

Annotations:
Lair:2 exclusion: oklob plant


Innate Abilities, Weirdness & Mutations

Your natural rate of healing is accelerated.
You have razor-sharp teeth.
You have supernaturally acute eyesight. (SInv)
You are afflicted with vampirism and can become a bat while bloodless.


Message History

The elephant trunk-slaps something but does no damage.
Unknown command.
You slice the elephant!! You burn the elephant. You freeze the elephant.
The elephant is heavily wounded.
The elephant tramples you!
* * * LOW HITPOINT WARNING * * *
You hold your ground!
The elephant trunk-slaps you but does no damage.
Unknown command.
You hit the elephant. You burn the elephant. You freeze the elephant.
The elephant is heavily wounded.
The elephant tramples something.
Something stumbles backwards!
Unknown command.
You feel much better. The elephant misses you. The elephant trunk-slaps you.
* * * LOW HITPOINT WARNING * * *
Unknown command.
You slash the elephant! You burn the elephant. You freeze the elephant.
The elephant is lightly wounded.
The elephant tramples you!
* * * LOW HITPOINT WARNING * * *
You hold your ground!
The elephant misses you. The elephant closely misses you.
The elephant trunk-slaps you but does no damage.
Unknown command.
You feel very mighty all of a sudden. The elephant tramples you.
* * * LOW HITPOINT WARNING * * *
You hold your ground!
The elephant trunk-slaps you but does no damage.
Unknown command.
You barely miss the elephant. You punch the elephant.
The elephant is moderately wounded.
The elephant tramples you!
* * * LOW HITPOINT WARNING * * *
You hold your ground!
The elephant closely misses you.
You hit the elephant. You burn the elephant. You freeze the elephant.
The elephant is moderately wounded.
The elephant barely misses something.
The elephant trunk-slaps something but does no damage.
The elephant tramples you!
You die...

##P.#....###Y...#
##.........##.P###
#..........#..##
###..........#..####
#.#..............#.#.##
.......Y..<..........#.
#..>...................
.###YY..............
#@####.....#.P.... ###
##..†#####.).. ##.#†.##
##... #P.§...#####...
####.....#.......
#.#§.............
##.......#.P#..#.
##.........P#####
#....###...## ##


You could see 3 elephants.

Vanquished Creatures
  Gastronok (D:11)
  Harold (D:10)
  Fannar (D:11)
  A hydra (Lair:3)
  A catoblepas (Lair:4)
  4 two-headed ogres
  Urug (Lair:1)
  A pharaoh ant (Lair:3)
  2 skysharks (Lair:3)
  2 ugly things (IceCv)
  2 elephants
  4 black mambas
  An ice statue (IceCv)
  3 cane toads
  A gargoyle (D:11)
  Maggie (D:6)
  2 unseen horrors (D:11)
  An anaconda simulacrum (IceCv)
  A komodo dragon (Lair:3)
  2 ice devils (Lair:2)
  A troll (D:8)
  2 polar bears (Lair:4)
  A tarantella (Lair:3)
  Prince Ribbit (D:6)
  7 blink frogs
  2 jumping spiders (Lair:3)
  3 wyverns
  2 shadows
  Eustachio (D:5)
  4 basilisks
  49 yaks
  A redback (Lair:3)
  2 harpy simulacra (IceCv)
  2 vampire mosquitoes (D:11)
  2 steam dragons
  3 acid dragons
  8 water moccasins
  A sky beast (D:8)
  3 black bears
  2 ice beasts
  3 orc warriors
  2 ogres (D:6)
  3 wolves (Lair:2)
  A phantom (D:7)
  4 centaurs
  3 kobold brigands
  Blork the orc (D:6)
  11 bullfrogs
  A cane toad simulacrum (IceCv)
  5 scorpions
  A wight (D:7)
  9 killer bees
  2 elephant simulacra (IceCv)
  3 electric eels (Lair:3)
  3 lava snakes (Lair:3)
  2 howler monkeys
  4 hounds
  6 orc priests
  A gnoll bouda (D:6)
  9 orc wizards
  2 wolf simulacra (IceCv)
  Robin (D:3)
  4 adders
  14 gnolls
  An ufetubus (D:5)
  2 worms (D:4)
  4 dart slugs
  32 orcs
  9 ball pythons
  5 bats
  4 endoplasms
  4 giant cockroaches
  13 goblins
  10 hobgoblins
  4 jackals (D:2)
  16 kobolds
  A quokka (D:1)
  5 frilled lizards
  3 rats
338 creatures vanquished.

Vanquished Creatures (collateral kills)
  4 wights (D:7)
4 creatures vanquished.

Vanquished Creatures (others)
  An orc (D:10)
  14 fungi
  46 plants
61 creatures vanquished.

Grand Total: 403 creatures vanquished

Notes
Turn   | Place    | Note
-------+----------+-------------------------------------------
     0 | D:1      | tilp the Vampire Enchanter began the quest for the Orb.
     0 | D:1      | Reached XP level 1. HP: 13/13 MP: 3/3
   354 | D:1      | Reached XP level 2. HP: 20/20 MP: 5/5
   357 | D:1      | Learned a level 2 spell: Ensorcelled Hibernation
  1005 | D:2      | Reached skill level 1 in Fighting
  1347 | D:2      | Gained mutation: You are afflicted with vampirism and can
                  | become a bat while bloodless. [Vampire growth]
  1347 | D:2      | Reached XP level 3. HP: 24/26 MP: 3/6
  1351 | D:2      | Learned a level 3 spell: Confusing Touch
  2572 | D:3      | Reached skill level 5 in Stealth
  2572 | D:3      | Reached XP level 4. HP: 32/32 MP: 2/7
  3242 | D:3      | Reached XP level 5. HP: 38/38 MP: 3/8
  3481 | D:3      | Found a blossoming altar of Fedhas.
  3486 | D:3      | Found a shimmering altar of Xom.
  3491 | D:3      | Found a radiant altar of Vehumet.
  3689 | D:4      | Noticed Robin
  3714 | D:3      | Killed Robin
  3715 | D:3      | Reached skill level 5 in Hexes
  4211 | D:4      | Reached XP level 6. HP: 46/46 MP: 3/10
  4954 | D:5      | Entered Level 5 of the Dungeon
  5009 | D:5      | Noticed Eustachio
  5052 | D:4      | Reached skill level 6 in Stealth
  5052 | D:4      | Reached XP level 7. HP: 14/52 MP: 2/11
  5255 | D:5      | Found Yleracot's General Store.
  5393 | D:5      | Killed Eustachio
  5522 | D:5      | Reached skill level 5 in Short Blades
  5665 | D:5      | Learned a level 3 spell: Tukima's Dance
  5669 | D:5      | Learned a level 3 spell: Dazzling Flash
  5782 | D:6      | Reached skill level 7 in Stealth
  5782 | D:6      | Reached XP level 8. HP: 60/60 MP: 12/12
  5807 | D:6      | Noticed Blork the orc
  5811 | D:6      | Killed Blork the orc
  5847 | D:6      | Noticed Maggie
  5856 | D:6      | Killed Maggie
  5857 | D:6      | Reached skill level 8 in Stealth
  5857 | D:6      | Reached skill level 1 in Evocations
  6205 | D:6      | Reached skill level 1 in Throwing
  6738 | D:6      | Found a broken altar of Ashenzari.
  6819 | D:6      | Found a burning altar of Makhleb.
  6820 | D:6      | Found a hide-covered altar of Uskayaw.
  6820 | D:6      | Found an ancient bone altar of Kikubaaqudgha.
  6830 | D:6      | Reached XP level 9. HP: 60/66 MP: 9/14
  6912 | D:6      | Noticed Prince Ribbit
  6919 | D:6      | Killed Prince Ribbit
  7145 | D:6      | Reached skill level 5 in Fighting
  7648 | D:7      | Found a shimmering blue altar of Sif Muna.
  7804 | D:7      | Reached skill level 9 in Stealth
  7901 | D:7      | Reached skill level 5 in Dodging
  8086 | D:7      | Found a staircase to the Ecumenical Temple.
  8092 | Temple   | Entered the Ecumenical Temple
  8436 | Temple   | Became a worshipper of the Wu Jian Council
  8893 | D:8      | Noticed a troll
  8894 | D:8      | Noticed a two-headed ogre
  8957 | D:8      | Killed a two-headed ogre
  8958 | D:8      | Reached XP level 10. HP: 76/76 MP: 13/16
  9522 | D:9      | Noticed a two-headed ogre
  9534 | D:9      | Killed a two-headed ogre
  9535 | D:9      | Reached skill level 10 in Stealth
  9670 | D:9      | Reached * piety under Wu Jian
  9898 | D:9      | Found a staircase to the Orcish Mines.
 10027 | D:9      | Noticed an elephant
 10028 | D:9      | Found a staircase to the Lair.
 10055 | D:8      | Killed an elephant
 10056 | D:8      | Reached skill level 5 in Spellcasting
 10257 | D:9      | Noticed a two-headed ogre
 10266 | D:9      | Killed a two-headed ogre
 10287 | D:9      | Reached XP level 11. HP: 84/84 MP: 10/18
 10456 | D:9      | Reached skill level 11 in Stealth
 10734 | D:10     | Entered Level 10 of the Dungeon
 10843 | D:10     | Found a stormy altar of Qazlal.
 11134 | D:10     | Noticed Harold
 11156 | D:10     | Killed Harold
 11157 | D:10     | Reached skill level 10 in Short Blades
 11610 | D:10     | Found Ufackyn's Weapon Emporium.
 11692 | D:10     | Reached ** piety under Wu Jian
 11846 | D:11     | Reached skill level 10 in Hexes
 11911 | D:11     | Reached skill level 12 in Stealth
 11969 | D:11     | Noticed a two-headed ogre
 11979 | D:11     | Killed a two-headed ogre
 12172 | D:11     | Reached skill level 1 in Armour
 12455 | D:11     | Noticed Fannar
 12482 | D:11     | Killed Fannar
 12483 | D:11     | Reached skill level 1 in Conjurations
 12644 | D:11     | Noticed Gastronok
 12661 | D:11     | Killed Gastronok
 12944 | Lair:1   | Entered Level 1 of the Lair of Beasts
 13040 | Lair:1   | Reached XP level 12. HP: 94/94 MP: 17/20
 13048 | Lair:1   | Reached skill level 5 in Evocations
 13206 | Lair:1   | Reached *** piety under Wu Jian
 13481 | Lair:1   | Found a sparkling altar of Nemelex Xobeh.
 13529 | Lair:1   | Identified a scroll of acquirement
 13529 | Lair:1   | Acquired 1079 gold pieces
 13607 | Lair:1   | Noticed Urug
 13613 | Lair:1   | Killed Urug
 14137 | Lair:2   | Found a frozen archway.
 14183 | IceCv    | Entered an ice cave
 14249 | IceCv    | Learned a level 4 spell: Anguish
 14565 | IceCv    | Found the +3 greatsling "Punk" {acid, rCorr}
 14580 | IceCv    | Found the +2 Maxwell's thermic engine {flame, freeze, rev}
 14959 | Lair:2   | Reached skill level 13 in Stealth
 15070 | Lair:2   | Reached **** piety under Wu Jian
 15352 | Lair:2   | You fall into a shaft and drop 1 floor!
 15447 | Lair:3   | Identified the +2 pair of boots of Ysomaomp {rElec Will+}
 15451 | Lair:3   | Identified the +0 robe of Waimylac {Str+3 Stlth+}
 15771 | Lair:3   | Found a hole to the Spider Nest.
 16083 | Lair:3   | Reached XP level 13. HP: 101/101 MP: 15/22
 16339 | Lair:3   | Found a staircase to the Shoals.
 17472 | Lair:4   | HP: 4/103 [elephant (12)]
 17478 | Lair:4   | Slain by an elephant

Illustrated notes

Levels and vault maps discovered:
D:1:      sevenhm_arrival_forest_fort_large_4, layout_basic, chequers_big_river
D:2:      layout_basic
D:3:      layout_rooms, minmay_overflow_temple_star_quad
D:4:      layout_rooms, uniq_robin
D:5:      layout_gridville, serial_shops, nicolae_shop_stone, uniq_eustachio
D:6:      cheibrodos_quashed, layout_basic, minitemple, lemuel_crystal_altar,
          uniq_maggie, uniq_blork_the_orc, uniq_prince_ribbit1
D:7:      layout_gridville, lemuel_doored_altar,
          mainiacjoe_overflow_cross_hatched,
          minmay_temple_entry_enclosed_plants, nrook_loot_triangle
D:8:      layout_cave_pools
D:9:      layout_small_grid, david_lair_generic, blue_anna_alchemist
D:10:     layout_loops_ring, amcnicky_altar_gilded, serial_shops,
          kennysheep_mini, special_room [special_room_orc], uniq_harold
D:11:     layout_roguey, uniq_gastronok, uniq_fannar
Temple:   minmay_temple_forest_path
Lair:1:   layout_hall_layers, basic_altar, grunt_megastairs_5, uniq_urug
Lair:2:   layout_cave_pods, portal_ice_cave_demonic_guard,
          nicolae_quartered_pool_little, minmay_lair_oklob_bushes
Lair:3:   layout_cave_pods, minmay_shoals_entry_centaurs,
          nicolae_spider_entry_lesser_pyramids, columned_hall_lemuel,
          nicolae_lair_liquid_snakes, grunt_megastairs_2
Lair:4:   layout_misc_corridors, nicolae_lair_yak_garden

Skill      XL: |  1  2  3  4  5  6  7  8  9 10 11 12 13 |
---------------+----------------------------------------+-----
Fighting       | 1 2 3 4 5 7 8 9 |  9.8
Short Blades   | 2 3 4 5 6 7 9 10 | 10.3
Stealth        | 5 6 7 8 9 10 12 13 | 13.5
Dodging        | 3 4 5 6 7 |  7.7
Hexes          | 5 6 7 9 10 11 | 11.6
Spellcasting   | 3 4 5 6 |  6.4
Evocations     | 2 4 6 |  6.9
Throwing       | 1 2 3 4 |  4.0
Armour         | 2 4 |  4.0
Conjurations   | 1 2 |  2.0

Action                     |  1- 3 |  4- 6 |  7- 9 | 10-12 | 13-15 || total
---------------------------+-------+-------+-------+-------+-------++-------
  Melee: Dagger            |    84 |   142 |   191 |     3 |       ||   420
         Bite              |     6 |    12 |    23 |    69 |    16 ||   126
         Punch             |       |     1 |     3 |     4 |     2 ||    10
         Rapier            |       |       |       |   516 |    94 ||   610
         Double sword      |       |       |       |       |     6 ||     6
  Throw: Javelin           |       |       |     1 |       |       ||     1
   Cast: Ensorcelled Hiber |    29 |    64 |    64 |   147 |    25 ||   329
         Confusing Touch   |       |     3 |     7 |    33 |     6 ||    49
         Tukima's Dance    |       |       |     6 |     3 |       ||     9
         Dazzling Flash    |       |       |       |     7 |     4 ||    11
Ability: Lunge             |       |       |     4 |    33 |     7 ||    44
         Whirlwind         |       |       |       |    34 |    11 ||    45
         Wall Jump         |       |       |       |     1 |       ||     1
  Evoke: Wand              |       |       |       |     1 |       ||     1
    Use: Scroll            |     4 |     2 |     5 |    13 |       ||    24
         Potion            |       |     1 |       |     4 |     2 ||     7
   Stab: Sleeping          |    32 |    34 |    50 |   100 |    12 ||   228
         Confused          |       |     2 |     6 |    30 |     6 ||    44
         Invisible         |       |     1 |       |     9 |     4 ||    14
         Distracted        |       |       |     2 |       |       ||     2
 Armour: Robe              |    15 |       |       |    60 |    46 ||   121
         Leather armour    |     3 |    76 |     2 |       |       ||    81
         Steam dragon scal |       |       |    55 |    73 |       ||   128
  Dodge: Dodged            |    45 |   143 |   136 |   308 |    71 ||   703

Table legend: (Time is in decaauts)
 A = Elapsed time spent in this place.
 B = Non-inter-level travel time spent in this place.
 C = Inter-level travel time spent in this place.
 D = Time resting spent in this place.
 E = Time spent auto-exploring this place.
 F = Levels seen in this place.
 G = Mean time per level.
                   A        B        C        D        E       F      G
               +--------+--------+--------+--------+--------+-----+--------+
         Total |  17262 |  16613 |    649 |   1871 |  11659 |  17 | 1015.4 |
       Dungeon |  12451 |  11997 |    454 |   1160 |   8814 |  11 | 1131.9 |
        Temple |    368 |    330 |     38 |      0 |    314 |   1 |  368.0 |
          Lair |   3830 |   3674 |    156 |    380 |   2531 |   4 |  957.5 |
      Ice Cave |    612 |    612 |      0 |    331 |      0 |   1 |  612.0 |
               +--------+--------+--------+--------+--------+-----+--------+

Top non-repeatable levels by time:
     D:2: 1617 daAuts
  Lair:3: 1563 daAuts
     D:6: 1490 daAuts
     D:4: 1224 daAuts
     D:3: 1213 daAuts
     D:9: 1158 daAuts
    D:10: 1128 daAuts
  Lair:1: 1102 daAuts
     D:7: 1045 daAuts
    D:11: 1028 daAuts
     D:1: 988 daAuts
     D:8: 933 daAuts
  Lair:2: 729 daAuts
     D:5: 621 daAuts
   IceCv: 612 daAuts
